 Dungeon Sprint DCSS version 0.27.1-33-g824d729ab1 (webtiles) character file.

Game seed: 11381611879669267946

1227 Hipnos the Carver (level 8, 0/129 HPs)
             Began as a Minotaur Berserker on Nov 25, 2021.
             Was an Elder of Trog.
             Slain by Sonja (6 damage)
             ... in the Dungeon (Sprint I: "Red Sonja").
             The game lasted 00:02:19 (748 turns).

Hipnos the Carver (Minotaur Berserker)               Turns: 748, Time: 00:02:20

Health: 0/129      AC:  8    Str: 25    XL:     8   Next: 23%
Magic:  7/7        EV: 12    Int:  4    God:    Trog [****..]
Gold:   405        SH:  0    Dex:  9    Spells: 7/7 levels left

rFire    . . .     SeeInvis .   a - +0 falchion
rCold    . . .     Faith    .   (no shield)
rNeg     . . .     Spirit   .   k - +0 scale mail
rPois    .         Reflect  .   (helmet restricted)
rElec    .         Harm     .   (no cloak)
rCorr    .         Rampage  .   (no gloves)
Will     ++...     NoTele   +   (no boots)
Stlth    ..........             (no amulet)
HPRegen  1.31/turn              (no ring)
MPRegen  0.10/turn              (no ring)

@: berserking, lethally poisoned (0 -> -1), strong-willed, regenerating, slowed
A: horns 2, retaliatory headbutt
a: Renounce Religion, Berserk, Trog's Hand, Brothers in Arms


You were in the Dungeon.
You worshipped Trog.
Trog was greatly pleased with you.
You visited 1 branch You collected 405 gold pieces.

Inventory:

Hand Weapons
 a - a +0 falchion (weapon)
Armour
 b - a +0 animal skin
 j - a +0 leather armour
 k - a +0 scale mail (worn)
Wands
 i - a wand of polymorph (12)
Scrolls
 h - a scroll of blinking
Potions
 c - a potion of curing
 d - a potion of heal wounds
 e - a potion of haste
 f - 2 potions of magic
 g - a potion of berserk rage


   Skills:
 + Level 13.3 Fighting
 + Level 14.0 Long Blades
 + Level 7.5 Armour
 + Level 6.6 Dodging


You had 7 spell levels left.
You didn't know any spells.
Your spell library was empty.

Dungeon Overview and Level Annotations

Branches:
Dungeon (1/1)

Altars:
Cheibriados
Dithmenos
Elyvilon
Fedhas
Gozag
Hepliaklqana
Kikubaaqudgha
Makhleb
Nemelex Xobeh
Okawaru
Qazlal
Ru
Sif Muna
Trog
Uskayaw
Vehumet
Wu Jian
Xom
Yredelemnul
Zin
The Shining One
Jiyva
Lugonu

Shops:
D *

Annotations:
D Sonja


Innate Abilities, Weirdness & Mutations

You have a pair of horns on your head.
You reflexively headbutt those who attack you in melee.


Message History

Found 108 gold pieces.
You fail to use your ability.
Sonja throws a curare-tipped dart.
The curare-tipped dart hits you.
You are poisoned.
You have difficulty breathing.
You feel yourself slow down.
You feel very sick. Sonja closely misses you.
Sonja hits you with a +2 short sword of distortion.
Space warps horribly around you!! Sonja hits you but does no damage.
There is an open door here.
A red film seems to cover your vision as you go berserk!
You feel yourself moving faster!
You feel mighty!
You feel very sick. Sonja closely misses you.
Sonja hits you with a +2 short sword of distortion. x2
Space bends around you. Sonja completely misses you.
Sonja hits you with a +2 short sword of distortion.
Space bends around you.
Sonja hits you with a +2 short sword of distortion.
You closely miss Sonja.
You feel sick.
Sonja hits you with a +2 short sword of distortion!
Space bends around you. Sonja barely misses you.
Sonja hits you with a +2 short sword of distortion.
Space warps horribly around you!!
* * * LOW HITPOINT WARNING * * *
You miss Sonja. Sonja misses you.
You riposte.
You closely miss Sonja. Sonja hits you but does no damage.
Space bends around you.
* * * LOW HITPOINT WARNING * * *
Sonja closely misses you.
You closely miss Sonja. Your headbutt misses Sonja.
You feel sick. Sonja completely misses you.
You riposte.
You barely miss Sonja. Your headbutt misses Sonja.
Sonja hits you with a +2 short sword of distortion!
* * * LOW HITPOINT WARNING * * *
Sonja hits you but does no damage. Space bends around you.
* * * LOW HITPOINT WARNING * * *
You closely miss Sonja. Your headbutt misses Sonja.
You feel sick.
You closely miss Sonja.
Sonja hits you with a +2 short sword of distortion.
You die...

#<.#..)..#..'..#__#..')..#
#..').#..').#..'..'..#)..#
#..#####'#####'#__####...+
#..####..#...#(#### #####
#..#__####..##[#
#..#_____##'#_.+
#⌠⌠#_.∩...'..._#
####_..__##_.#'#
#_____###@#.# #######
#K### $.$ #$.$# ##.## #+#


You could see Sonja.

Vanquished Creatures
  2 kobold demonologists (D)
  A slime creature (D)
  Sigmund (D)
  A yak (D)
  A floating eye (D)
  An ogre (D)
  A jelly (D)
  Ijyb (D)
9 creatures vanquished.

Vanquished Creatures (others)
  A gargoyle (D)
1 creature vanquished.

Grand Total: 10 creatures vanquished

Notes
Turn   | Place    | Note
-------+----------+-------------------------------------------
     0 | D        | Hipnos the Minotaur Berserker began the quest for the Orb.
     0 | D        | Reached XP level 1. HP: 19/19 MP: 0/0
     1 | D        | Noticed Ijyb
    14 | D        | Killed Ijyb
    15 | D        | Reached skill level 5 in Fighting
    15 | D        | Reached skill level 5 in Long Blades
    15 | D        | Reached XP level 2. HP: 29/29 MP: 1/1
   223 | D        | Noticed an ogre
   227 | D        | Killed an ogre
   228 | D        | Reached skill level 7 in Long Blades
   228 | D        | Reached XP level 3. HP: 27/40 MP: 2/2
   228 | D        | Reached XP level 4. HP: 33/48 MP: 3/3
   486 | D        | Noticed Sigmund
   490 | D        | Killed Sigmund
   490 | D        | Reached ** piety under Trog
   491 | D        | Reached skill level 10 in Long Blades
   491 | D        | Reached skill level 5 in Armour
   491 | D        | Reached XP level 5. HP: 58/58 MP: 4/4
   505 | D        | Found a burning altar of Makhleb.
   505 | D        | Found a viscous altar of Jiyva.
   505 | D        | Found a shimmering altar of Xom.
   505 | D        | Found a corrupted altar of Lugonu.
   505 | D        | Noticed a slime creature
   507 | D        | Found an ornate altar of the Wu Jian Council.
   507 | D        | Found a shimmering blue altar of Sif Muna.
   509 | D        | Found a radiant altar of Vehumet.
   513 | D        | Reached skill level 10 in Fighting
   513 | D        | Reached XP level 6. HP: 55/66 MP: 5/5
   560 | D        | Found Masitoycs's General Store.
   560 | D        | Found an ancient bone altar of Kikubaaqudgha.
   560 | D        | Found a hazy altar of Hepliaklqana.
   560 | D        | Found a stormy altar of Qazlal.
   560 | D        | Found a hide-covered altar of Uskayaw.
   560 | D        | Found a blossoming altar of Fedhas.
   560 | D        | Found a bloodstained altar of Trog.
   560 | D        | Found an iron altar of Okawaru.
   560 | D        | Found a basalt altar of Yredelemnul.
   560 | D        | Found a glowing golden altar of the Shining One.
   560 | D        | Found a snail-covered altar of Cheibriados.
   560 | D        | Found a sacrificial altar of Ru.
   560 | D        | Found a glowing silver altar of Zin.
   560 | D        | Found a shadowy altar of Dithmenos.
   560 | D        | Found a white marble altar of Elyvilon.
   560 | D        | Noticed a yak
   563 | D        | Killed a yak
   564 | D        | Reached skill level 11 in Long Blades
   564 | D        | Reached skill level 5 in Dodging
   564 | D        | Found an opulent altar of Gozag.
   565 | D        | Found a sparkling altar of Nemelex Xobeh.
   616 | D        | Killed a slime creature
   616 | D        | Reached *** piety under Trog
   617 | D        | Reached skill level 12 in Long Blades
   617 | D        | Reached XP level 7. HP: 75/75 MP: 6/6
   653 | D        | Killed a gargoyle
   659 | D        | Noticed a kobold demonologist
   659 | D        | Noticed a kobold demonologist
   666 | D        | Noticed a smoke demon
   673 | D        | Killed a kobold demonologist
   674 | D        | Reached skill level 13 in Long Blades
   678 | D        | Killed a kobold demonologist
   678 | D        | Reached **** piety under Trog
   679 | D        | Reached skill level 14 in Long Blades
   679 | D        | Reached XP level 8. HP: 86/86 MP: 7/7
   740 | D        | Noticed Sonja
   746 | D        | HP: 5/129 [Sonja (3)]
   748 | D        | Slain by Sonja

Illustrated notes

Levels and vault maps discovered:
D:        dungeon_sprint_1 [red_sonja_temple_1, red_sonja_temple_small_1]

Skill      XL: |  1  2  3  4  5  6  7 |
---------------+----------------------+-----
Fighting       | 5 7 9 10 11 13 | 13.3
Long Blades    | 5 7 10 12 14 | 14.0
Armour         | 3 4 5 6 7 |  7.5
Dodging        | 3 4 5 6 |  6.6

Action                   |  1- 3 |  4- 6 |  7- 9 || total
-------------------------+-------+-------+-------++-------
Melee: Unarmed           |     9 |       |       ||     9
       Falchion          |     5 |     9 |    21 ||    35
       Headbutt          |     1 |     4 |     3 ||     8
Invok: Berserk           |     2 |     3 |     2 ||     7
       Trog's Hand       |       |       |     2 ||     2
Armor: Scale mail        |       |     1 |     8 ||     9
Dodge: Dodged            |     4 |     6 |    10 ||    20
       Rpst.: Falchion   |     1 |     3 |     2 ||     6
